 Dungeon Crawl Stone Soup version 0.14.0-18-g0341e45 (webtiles) character file.

326 MDvedh the Covered (level 5, -2/51 HPs)
             Began as a Gargoyle Wanderer on Apr 20, 2014.
             Was a Follower of Jiyva.
             Slain by a worker ant (5 damage)
             ... on Level 3 of the Dungeon.
             The game lasted 00:05:27 (3104 turns).

MDvedh the Covered (Gargoyle Wanderer)              Turns: 3104, Time: 00:05:27

HP  -2/51        AC 14     Str 17      XL: 5   Next: 55%
MP   5/5         EV  7     Int 15      God: Jiyva [*.....]
Gold 151         SH  0     Dex 11      Spells:  0 memorised,  4 levels left

rFire  . . .     SeeInvis .     m - +0,-1 flail
rCold  . . .     Clarity  .     h - +0 chain mail
rNeg   + . .     Conserve .     (no shield)
rPois  +         rCorr    .     (no helmet)
rElec  +         rRot     +     (no cloak)
SustAb . .       Spirit   .     (no gloves)
rMut   .         Warding  .     (no boots)
Saprov . . .     Stasis   .     (no amulet)
MR     .....                    (no ring)
                                (no ring)

@: berserking, very quick, not resistant to hostile enchantments, extremely
unstealthy
A: life protection 1, electricity resistance, unbreathing, petrification
resistance, AC +4
a: Request Jelly, Renounce Religion


You were on level 3 of the Dungeon.
You worshipped Jiyva.
Jiyva was aware of your devotion.
You were not hungry.

You visited 1 branch of the dungeon, and saw 4 of its levels.

You collected 151 gold pieces.

Inventory:

Hand weapons
 a - a +2,+3 quarterstaff
 c - a +0,+0 dagger
 m - a +0,-1 flail (weapon)
Armour
 h - a +0 chain mail (worn)
Magical devices
 p - a wand of hasting (6) {unknown}
Comestibles
 d - 2 bread rations
 v - a pear
Scrolls
 b - 2 scrolls of noise {unknown}
 g - 2 scrolls of blinking {unknown}
 i - 2 scrolls of identify {unknown}
 l - a scroll of immolation {unknown}
 n - a scroll of recharging {unknown}
 q - 2 scrolls of remove curse {unknown}
 u - a scroll of fear {unknown}
 w - a scroll of magic mapping {unknown}
Jewellery
 k - an uncursed ring of ice {unknown}
 r - a +3 ring of strength {unknown}


   Skills:
 - Level 4.3 Fighting
 + Level 1.2 Maces & Flails
 - Level 1.1 Staves
 - Level 5.5 Armour
 - Level 3.2 Stealth
 - Level 1.0 Evocations


You had 4 spell levels left.
You didn't know any spells.

Dungeon Overview and Level Annotations

Branches:
Dungeon (4/15)
 Temple: D:4-7

Altars:
Dithmenos
Elyvilon
Sif Muna
Jiyva

Annotations:
D:3 chipmonk's ghost, average GrFi


Innate Abilities, Weirdness & Mutations

You are resistant to torment.
You are immune to poison.
You are immune to rotting.
Your stone body is very resilient (AC +4).
You resist negative energy.
You are resistant to electric shocks.
You can survive without breathing.
You are immune to petrification.


Message History

The worker ant is lightly wounded.
The kobold hits you but does no damage.
The worker ant bites you but does no damage.
The gnoll hits you with a flail.
* * * LOW HITPOINT WARNING * * *
The quokka bites you but does no damage.
The kobold hits you but does no damage.
The worker ant bites you but does no damage.
Unknown command.
You closely miss the worker ant.
The worker ant is lightly wounded.
The quokka barely misses you. The gnoll hits you but does no damage.
The worker ant bites you.
* * * LOW HITPOINT WARNING * * *
The kobold barely misses you. The quokka closely misses you.
Unknown command.
Drink which item? (? for menu, Esc to quit)
A red film seems to cover your vision as you go berserk!
You feel yourself moving faster!
You feel mighty! The worker ant bites you.
You die...

....)....................#
.......#.#########.#.#.###
######.#.#<ยง....##.#....#
#.#.######.##.#.#..# #.#.#
#.##.#....# #.#.#
#.##.#.##.# #.#.#
#.##.#.##.#
######.#.######a##.#.##.#
...............g@#.#.##.#
######.#.######Kr#.#.##.#
<................#.#.##.#
.......#.........#J#.##.#
###.############.#.#.##.#
...................#.##.#
.###.###########.###.##.#
.# #.# #.# #.##.# .# #.#
#.# #.##.#


You could see a worker ant, a gnoll, a quokka and a kobold.

Vanquished Creatures
  A jelly (D:3)
  Ijyb (D:3)
  4 adders
  A worm (D:2)
  2 giant geckos
  3 oozes (D:3)
  6 orcs
  8 hobgoblins
  6 jackals (D:3)
  7 kobolds
  3 ball pythons
  13 bats
  3 giant cockroaches
  3 giant newts
  5 goblins
  8 rats
74 creatures vanquished.

Vanquished Creatures (others)
  An adder (D:3)
  An orc (D:3)
  A hobgoblin (D:3)
3 creatures vanquished.

Grand Total: 77 creatures vanquished

Notes
Turn   | Place    | Note
--------------------------------------------------------------
     0 | D:1      | MDvedh, the Gargoyle Wanderer, began the quest for the Orb.
     0 | D:1      | Reached XP level 1. HP: 16/16 MP: 1/1
    89 | D:1      | Reached skill level 1 in Armour
   252 | D:1      | Reached XP level 2. HP: 20/20 MP: 2/2
   927 | D:1      | Reached XP level 3. HP: 24/24 MP: 3/3
  1268 | D:2      | Reached XP level 4. HP: 23/30 MP: 4/4
  1769 | D:3      | Reached XP level 5. HP: 26/34 MP: 5/5
  1773 | D:3      | Reached skill level 5 in Armour
  1793 | D:3      | Found a viscous altar of Jiyva.
  1830 | D:3      | Became a worshipper of Jiyva Juon the Shapeless
  1942 | D:3      | Noticed chipmonk's ghost (average GrFi)
  2089 | D:3      | Found a deep blue altar of Sif Muna.
  2089 | D:3      | Found a white marble altar of Elyvilon.
  2092 | D:3      | Found a shadowy altar of Dithmenos.
  2288 | D:3      | Noticed Ijyb
  2316 | D:3      | Killed Ijyb
  2374 | D:3      | Acquired Jiyva's first power
  3104 | D:3      | Slain by a worker ant

Action                   |  1- 3 |  4- 6 || total
-------------------------+-------+-------++-------
Melee: Quarterstaff      |   108 |    57 ||   165
       Flail             |       |   179 ||   179
  Use: Potion            |       |     7 ||     7
 Stab: Sleeping          |     2 |       ||     2
